 Dungeon Crawl Stone Soup version 0.29.0-13-gc9e81de378 (webtiles) character file.

Game seed: 1319479370882899262

85475 AttackTheMoon the Sage (level 15, -10/101 (120) HPs)
             Began as a Demonspawn Fire Elementalist on Sept 4, 2022.
             Was a High Priest of Sif Muna.
             Mangled by a shambling mangrove (18 damage)
             ... on level 5 of the Abyss on Sept 9, 2022.
             The game lasted 01:36:55 (26082 turns).

AttackTheMoon the Sage (DsFE)                      Turns: 26082, Time: 01:36:56

HP:   -10/101 (120) AC: 23    Str: 17 (18) XL:     15   Next: 38%
MP:   0/24          EV: 12    Int: 15 (18) God:    Sif Muna [*****.]
Gold: 4943          SH:  0    Dex: 13      Spells: 16/36 levels left

rFire   + . .      SeeInvis .   y - +10 lance "Wyrmbane" {slay drac, rPois rF+ rC+ AC+3}
rCold   + . .      Faith    .   (no shield)
rNeg    . . .      Spirit   +   G - +0 troll leather armour
rPois   +          Reflect  .   N - +1 hat
rElec   .          Harm     .   K - +0 cloak
rCorr   +          Rampage  .   g - +2 pair of gloves
Will    +....                   (no boots)
Stlth   +.........              S - amulet of Music {RegenMP +Inv Regen+ rCorr Int-3}
HPRegen 1.86/turn               Q - ring of wizardry
MPRegen 0.78/turn               u - +6 ring of strength

@: mighty, sanguine armoured, hasted, studying Dodging, heavily drained, slow
A: horns 1, magic shield, magic regeneration, sanguine armour 2, demonic magic
2, [deterioration 1], [low MP 2], [subdued magic 2]
a: Renounce Religion, Evoke Invisibility, Channel Magic, Forget Spell, Divine
Exegesis


You were on level 5 of the Abyss.
You worshipped Sif Muna.
Sif Muna was extremely pleased with you.
You visited 5 branches of the dungeon, and saw 24 of its levels.
You visited the Abyss 1 time.
You also visited: Gauntlet and Ice Cave.

You collected 4943 gold pieces.

Inventory:

Hand Weapons
 y - the +10 lance "Wyrmbane" (weapon) {slay drac, rPois rF+ rC+ AC+3}
   (You took it off Maggie on level 6 of the Dungeon)

   It inflicts extra damage against dragons and draconians.
   AC:        It affects your AC (+3).
   rF:        It protects you from fire.
   rC:        It protects you from cold.
   rPois:     It protects you from poison.
 W - the +3 arbalest "Katory" {penet, rPois Will+}
   (You found it in a Gauntlet)

   Any ammunition fired by it passes through the targets it hits, potentially
   hitting all targets in its path until it reaches maximum range.
   rPois:     It protects you from poison.
   Will:      It increases your willpower.
Armour
 a - a +0 robe
 g - a +2 pair of gloves (worn)
 B - +0 swamp dragon scales
 E - +0 steam dragon scales
 G - a +0 troll leather armour (worn)
 K - a +0 cloak (worn)
 N - a +1 hat (worn)
 X - +0 acid dragon scales
Magical Staves
 j - a staff of fire
Jewellery
 c - an amulet of regeneration
 e - a ring of ice
 f - a ring of fire
 n - a ring of ice
 q - an amulet of reflection
 r - a ring of poison resistance
 u - a +6 ring of strength (right hand)
 v - a ring of protection from cold
 x - a +4 ring of evasion
 A - the amulet "Ebli" {Acrobat rElec rF+ Int+4}
   (You found it on level 12 of the Dungeon)

   [amulet of the acrobat]

   It increases your evasion while moving and waiting.
   Int:       It affects your intelligence (+4).
   rF:        It protects you from fire.
   rElec:     It insulates you from electricity.
 M - a +6 ring of strength
 O - a ring of resist corrosion
 Q - a ring of wizardry (left hand)
 S - the amulet of Music (around neck) {RegenMP +Inv Regen+ rCorr Int-3}
   (You acquired it on level 12 of the Dungeon)

   [amulet of magic regeneration]

   It increases your rate of magic regeneration.
   Int:       It affects your intelligence (-3).
   +Inv:      It lets you turn invisible.
   Regen:     It increases your rate of health regeneration.
   rCorr:     It protects you from acid and corrosion.
 T - a +6 ring of strength
 Z - the ring "Tiohuifu" {Will+ Int+4}
   (You found it in a Gauntlet)

   [ring of willpower]

   Int:       It affects your intelligence (+4).
   Will:      It increases your willpower.
Wands
 d - a wand of paralysis (2) (quivered)
 k - a wand of mindburst (51)
 t - a wand of polymorph (2)
 C - a wand of acid (3)
 D - a wand of flame (58)
Scrolls
 h - a scroll of magic mapping
 J - 4 scrolls of enchant weapon
 P - a scroll of amnesia
 R - 3 scrolls of enchant armour
 Y - 2 scrolls of immolation
Potions
 b - 3 potions of magic
 i - a potion of brilliance
 l - 6 potions of lignification
 m - 4 potions of flight
 o - a potion of might
 p - 6 potions of degeneration
 w - 4 potions of ambrosia
 z - 2 potions of curing
 F - a potion of resistance
 H - 2 potions of haste
 I - 5 potions of mutation
 U - 3 potions of attraction


   Skills:
 + Level 11.7 Fighting
 + Level 9.5 Polearms
 + Level 9.6 Armour
 + Level 2.4 Dodging
 - Level 1.7 Stealth
 + Level 11.1 Spellcasting
 - Level 7.6 Conjurations
 - Level 4.9 Translocations
 - Level 9.5 Fire Magic
 + Level 14.3 Invocations


You had 16 spell levels left.
You knew the following spells:

 Your Spells              Type           Power      Damage    Failure   Level
a - Flame Wave            Conj/Fire      21%        2d8       1%          4
b - Scorch                Fire           46%        2d7       1%          2
c - Teleport Other        Tloc           14%        N/A       1%          3
d - Fireball              Conj/Fire      10%        3d6       2%          5
e - Starburst             Conj/Fire      10%        6d5       13%         6

Your spell library contained the following spells:

 Spells                   Type           Power      Damage    Failure   Level
 Apportation              Tloc           28%        N/A       1%          1
 Foxfire                  Conj/Fire      84%        2x1d8     1%          1
 Searing Ray              Conj           38%        2d5       1%          2
 Static Discharge         Conj/Air       12%        3-5/arc   1%          2
 Conjure Flame            Conj/Fire      21%        6-21      1%          3
 Dazzling Flash           Conj/Hex       24%        N/A       1%          3
 Gell's Gravitas          Tloc           14%        N/A       1%          3
 Inner Flame              Hex/Fire       14%        N/A       1%          3
 Lesser Beckoning         Tloc           14%        N/A       1%          3
 Stone Arrow              Conj/Erth      24%        3d8       1%          3
 Iskenderun's Mystic Bla  Conj/Tloc      17%        2d5       1%          4
 Sticky Flame             Conj/Fire      21%        2d4       1%          4
 Freeze                   Ice            20%        1d4       2%          1
 Necrotise                Necr           20%        1d5       2%          1
 Summon Small Mammal      Summ           20%        N/A       2%          1
 Portal Projectile        Hex/Tloc       18%        N/A       2%          3
 Ensorcelled Hibernation  Hex/Ice        10%        N/A       4%          2
 Passwall                 Tmut/Erth      4%         N/A       4%          2
 Wereblood                Tmut           5%         N/A       4%          2
 Call Canine Familiar     Summ           5%         N/A       9%          3
 Frozen Ramparts          Ice            10%        1d2       9%          3
 Ozocubu's Armour         Ice            5%         N/A       9%          3
 Summon Guardian Golem    Hex/Summ       5%         N/A       9%          3
 Swiftness                Air            5%         N/A       9%          3
 Lightning Bolt           Conj/Air       6%         1d18      17%         5
 Freezing Cloud           Conj/Ice/Air   5%         6-21      28%         5
 Animate Dead             Necr           5%         N/A       30%         4
 Dispel Undead            Necr           5%         3d7       30%         4
 Leda's Liquefaction      Hex/Erth       2%         N/A       30%         4
 Petrify                  Tmut/Erth      5%         N/A       30%         4
 Summon Lightning Spire   Summ/Air       5%         N/A       30%         4
 Summon Forest            Summ/Tloc      4%         N/A       30%         5
 Dispersal                Tloc           7%         N/A       52%         6
 Alistair's Intoxication  Tmut/Pois      3%         N/A       63%         5
 Metabolic Englaciation   Hex/Ice        2%         N/A       63%         5
 Summon Mana Viper        Hex/Summ       5%         N/A       63%         5
 Conjure Ball Lightning   Conj/Air       6%         3x3d6     69%         6
 Orb of Destruction       Conj           9%         9d6       73%         7
 Ignition                 Fire           11%        3d5       98%         8
 Eringya's Noxious Bog    Tmut/Pois      2%         N/A       99%         6
 Simulacrum               Ice/Necr       2%         N/A       99%         6
 Statue Form              Tmut/Erth      3%         N/A       99%         6
 Summon Cactus Giant      Summ           2%         N/A       99%         6
 Haunt                    Necr/Summ      2%         N/A       100%        7
 Storm Form               Tmut/Air       2%         N/A       100%        7
 Infestation              Necr           2%         N/A       100%        8
 Maxwell's Capacitive Co  Air            2%         ∞         100%        8
 Fire Storm               Conj/Fire      10%        8d3       100%        9


Dungeon Overview and Level Annotations

Branches:
Dungeon (15/15)            Temple (1/1) D:4            Lair (5/5) D:10
  Swamp (0/4) Lair:3       Spider (1/4) Lair:3        Slime (0/5) Lair:5
    Orc (2/2) D:11            Elf (0/3) Orc:2        Vaults (0/5) D:14
  IceCv (visited)         Gauntlet (visited)
 Depths: D:15

Altars:
Ashenzari
Cheibriados
Dithmenos
Fedhas
Gozag
Hepliaklqana
Kikubaaqudgha
Makhleb
Nemelex Xobeh
Okawaru
Qazlal
Ru
Sif Muna
Trog
Uskayaw
Vehumet
Wu Jian
Xom
Yredelemnul

Shops:
D:2 ?   D:8 *   Orc:2 ([((

Portals:
Trove: D:14 (give +5 demon blade)

Annotations:
D:15 Louise


Innate Abilities, Weirdness & Mutations

You have a pair of small horns on your head.
When hurt, damage is shared between your health and your magic reserves.
You regenerate magic rapidly.
When seriously injured, your blood forms thick armour. (AC +9)
Spells you cast may paralyse nearby enemies.
[Your body sometimes deteriorates upon taking damage.]
[Your magical capacity is very low. (-20% MP)]
[Your spells are easier to cast, but less powerful.]


Message History

The spectral shard shrike fades away!
The kraken squirts a massive cloud of ink into the water!
The starcursed mass touches you but does no damage.
The spectral caustic shrike claws you but does no damage.
The ghost crab barely misses you.
The ghost crab claws you but does no damage.
You hit the shambling mangrove. You headbutt the shambling mangrove.
The shambling mangrove is heavily damaged.
The spectral caustic shrike claws you.
* * * LOW HITPOINT WARNING * * *
You feel drained.
The starcursed mass touches you but does no damage.
The spectral caustic shrike claws you!
* * * LOW HITPOINT WARNING * * *
You feel drained.
* * * LOW HITPOINT WARNING * * *
Okay, then.
Okay, then.
Your unstable footing causes you to fumble your attack.
The spectral caustic shrike fades away!
The kraken squirts a massive cloud of ink into the water!
Angry insects surge out from beneath the shambling mangrove's foliage!
The shambling mangrove closely misses you.
A starcursed mass splits.
You hit the shambling mangrove.
The shambling mangrove is heavily damaged.
The spectral caustic shrike misses you.
A starcursed mass splits.
The ghost crab bites you but does no damage.
The ghost crab claws you but does no damage.
The starcursed mass touches you.
* * * LOW HITPOINT WARNING * * *
The kraken squirts a massive cloud of ink into the water!
You puncture the shambling mangrove!
The shambling mangrove is severely damaged.
The spectral caustic shrike claws you but does no damage.
A hornet comes into view.
You hit the shambling mangrove.
The shambling mangrove is severely damaged.
The shambling mangrove hits you!!
You die...

. . . # # ... .
## # # . .. # # #
####φ#### . #
##~~~~~~~ ⌠ . #
#~X≈~ ~≈ # . #
~t§~~t ⌠ .# . #
##§yX#### # ##
##⌠§fXX##⌠ ..##
.#
..##⌠⌠yX@tX##..
.. ..
.#⌠⌠⌠ZZ§°Z°#....#
## #⌠⌠⌠~X§°⌠⌠#..#
..#
##t§§§§§Z###.# .
. t§
§§§§°°~○#.#.#...
## ~§§ ○~~###..
.##.. ⌠⌠⌠
☼☼⌠⌠⌠☼....# ..#
.#.○ °#..####..#
## #.§ .### #.#


You could see a kraken (fleeing), 5 starcursed masses, a shambling mangrove, a
ghost crab, a fire crab, a spectral four-headed hydra (summoned), a spectral
dire elephant (summoned), a spectral caustic shrike (summoned), a spectral shard
shrike (summoned) and 2 hornets.

Vanquished Creatures
  Gastronok (D:10)
  A cacodemon (Gauntlet)
  A ghost moth (Lair:3)
  A stone giant (D:12)
  A minotaur (Gauntlet)
  2 ettins (D:12)
  Josephine (D:10)
  A fire dragon (Lair:5)
  6 hydras
  An ogre mage (D:14)
  3 boulder beetles
  A catoblepas (Lair:1)
  5 vault guards (D:14)
  A radroach (Lair:3)
  A hell beast (Gauntlet)
  4 centaur warriors
  3 two-headed ogres
  Urug (Lair:1)
  5 orc high priests
  Sonja (Lair:5)
  2 wretched stars
  An orb spider (Spider:1)
  2 wizards (D:14)
  A lindwurm (Lair:5)
  An orc knight (Orc:2)
  2 necromancers (Gauntlet)
  3 deep elf pyromancers
  A wolf spider (Spider:1)
  2 orc sorcerers
  2 manticores
  10 slime creatures (D:11)
  A worldbinder (Abyss:5)
  20 cyclopes
  2 large abominations (Abyss:3)
  An apocalypse crab (Abyss:3)
  5 ugly things
  2 molten gargoyles (Lair:5)
  An ice statue (IceCv)
  3 black mambas
  5 elephants
  A gargoyle (D:14)
  Maggie (D:6)
  A rime drake (Lair:5)
  2 demonic crawlers
  9 komodo dragons
  8 cane toads
  A freezing wraith (IceCv)
  A yaktaur (D:14)
  An ice devil (Gauntlet)
  3 trolls
  A troll (shapeshifter) (D:15)
  A meliai (Lair:3)
  A queen bee (shapeshifter) (D:8)
  19 blink frogs
  A raiju (Abyss:3)
  4 tarantellas
  2 jumping spiders (Spider:1)
  5 dream sheep (Lair:4)
  A culicivora (Lair:3)
  A shadow (D:11)
  7 wyverns
  5 wraiths
  18 yaks
  Grum (D:10)
  2 redbacks (Lair:3)
  A death yak simulacrum (IceCv)
  6 vampire mosquitoes
  A human (D:14)
  5 steam dragons
  4 basilisks
  A neqoxec (Abyss:3)
  4 wargs
  3 acid dragons
  Duvessa (D:6)
  11 water moccasins
  3 hell hounds (Lair:5)
  A sky beast (D:8)
  2 ice beasts
  18 orc warriors
  10 ogres
  2 black bears
  2 black bears (shapeshifter)
  25 wolves
  20 centaurs
  14 bullfrogs
  5 kobold brigands
  2 gnoll sergeants (D:9)
  A cane toad simulacrum (IceCv)
  3 necrophages
  A scorpion (D:4)
  3 wights (D:7)
  Dowan (D:6)
  11 killer bees
  4 howler monkeys
  4 lava snakes (Lair:5)
  4 jellies
  6 hounds
  25 orc priests
  3 iguanas
  26 orc wizards
  5 hell rats (Lair:5)
  A wolf simulacrum (IceCv)
  16 gnolls
  7 adders
  4 white imps
  An ufetubus (D:5)
  3 worms (D:2)
  3 dart slugs
  64 orcs
  4 ball pythons
  6 endoplasms
  3 giant cockroaches
  6 goblins
  8 hobgoblins
  4 jackals (D:4)
  18 kobolds
  2 quokkas
  6 bats
  3 frilled lizards
  2 rats (D:3)
  A butterfly (Lair:2)
605 creatures vanquished.

Vanquished Creatures (collateral kills)
  An ugly thing (IceCv)
  An ice statue (IceCv)
  A molten gargoyle (Lair:5)
  A wyvern (Lair:5)
  A vampire (D:9)
  A lava snake (Lair:5)
6 creatures vanquished.

Vanquished Creatures (others)
  A tarantella (Spider:1)
  An orc (D:6)
  116 foxfires
  23 fungi
  18 plants
  2 starspawn tentacles (Abyss:3)
  8 tentacles (Abyss:5)
169 creatures vanquished.

Grand Total: 780 creatures vanquished

Notes
Turn   | Place    | Note
-------+----------+-------------------------------------------
     0 | D:1      | AttackTheMoon the Demonspawn Fire Elementalist began the
                  | quest for the Orb.
     0 | D:1      | Reached XP level 1. HP: 13/13 MP: 3/3
   645 | D:1      | Gained mutation: Spells you cast may paralyse adjacent
                  | enemies. [demonic ancestry]
   645 | D:1      | Reached XP level 2. HP: 19/20 MP: 1/5
  1049 | D:2      | Learned a level 2 spell: Scorch
  1050 | D:2      | Found Fofutsavo's Magic Scroll Emporium.
  1070 | D:2      | Reached skill level 1 in Fighting
  1084 | D:2      | Gained mutation: You regenerate magic rapidly. [demonic
                  | ancestry]
  1084 | D:2      | Reached XP level 3. HP: 22/26 MP: 0/6
  1873 | D:2      | Reached XP level 4. HP: 29/33 MP: 1/7
  2299 | D:3      | Found a shadowy altar of Dithmenos.
  2450 | D:3      | Found an opulent altar of Gozag.
  2450 | D:3      | Found a sacrificial altar of Ru.
  2655 | D:3      | Found a faded altar of an unknown god.
  3134 | D:4      | Noticed a scorpion
  3138 | D:4      | Killed a scorpion
  3139 | D:4      | Gained mutation: When seriously injured, your blood forms
                  | armour. (AC +9) [demonic ancestry]
  3139 | D:4      | Reached XP level 5. HP: 38/38 MP: 5/9
  3191 | D:4      | Reached skill level 1 in Translocations
  3337 | D:4      | Found a staircase to the Ecumenical Temple.
  3360 | Temple   | Entered the Ecumenical Temple
  3741 | D:4      | Gained mutation: You have a pair of small horns on your
                  | head. [demonic ancestry]
  3741 | D:4      | Reached XP level 6. HP: 46/46 MP: 2/11
  4232 | D:5      | Entered Level 5 of the Dungeon
  4267 | D:5      | Noticed an ice beast
  4275 | D:5      | Killed an ice beast
  4392 | D:5      | Found a shimmering blue altar of Sif Muna.
  4398 | D:5      | Became a worshipper of Sif Muna the Loreminder
  4486 | D:5      | Gained mutation: Spells you cast may paralyse nearby
                  | enemies. [demonic ancestry]
  4486 | D:5      | Reached XP level 7. HP: 52/52 MP: 0/12
  4496 | D:5      | Reached skill level 1 in Invocations
  4539 | D:5      | Found a radiant altar of Vehumet.
  4710 | D:6      | Reached skill level 2 in Invocations
  4919 | D:6      | Noticed a steam dragon
  5039 | D:6      | Learned a level 3 spell: Teleport Other
  5226 | D:6      | Killed a steam dragon
  5227 | D:6      | Reached skill level 3 in Invocations
  5227 | D:6      | Gained mutation: When seriously injured, your blood forms
                  | thick armour. (AC +9) [demonic ancestry]
  5227 | D:6      | Reached XP level 8. HP: 32/60 MP: 6/14
  5339 | D:6      | Reached * piety under Sif Muna
  5391 | D:6      | Reached skill level 5 in Fire Magic
  5398 | D:6      | Noticed Duvessa
  5408 | D:6      | Killed Duvessa
  5409 | D:6      | Reached skill level 4 in Invocations
  5426 | D:6      | Noticed Dowan
  5431 | D:6      | Killed Dowan
  5621 | D:6      | Reached skill level 5 in Spellcasting
  5662 | D:6      | Noticed Maggie
  5844 | D:6      | Reached skill level 5 in Fighting
  6559 | D:6      | Killed Maggie
  6560 | D:6      | Reached skill level 5 in Invocations
  6560 | D:6      | Reached XP level 9. HP: 60/68 MP: 1/17
  6919 | D:7      | Found a sparkling altar of Nemelex Xobeh.
  7159 | D:7      | Reached skill level 1 in Polearms
  7159 | D:7      | Reached skill level 1 in Armour
  7513 | D:8      | Found a bloodstained altar of Trog.
  7518 | D:8      | Noticed a rime drake
  7751 | D:8      | Reached skill level 6 in Invocations
  7885 | D:8      | Noticed a queen bee
  7893 | D:8      | Killed a queen bee
  8067 | D:8      | Reached ** piety under Sif Muna
  8136 | D:8      | Found Xisuimi's Assorted Antiques.
  8553 | D:8      | Noticed a troll
  8560 | D:8      | Killed a troll
  8561 | D:8      | Reached XP level 10. HP: 76/76 MP: 13/19
  9097 | D:9      | Reached skill level 7 in Invocations
  9362 | D:9      | Reached *** piety under Sif Muna
 10219 | D:10     | Entered Level 10 of the Dungeon
 10300 | D:10     | Found a bloodstained altar of Trog.
 10313 | D:10     | Noticed Gastronok
 10342 | D:10     | Killed Gastronok
 10343 | D:10     | Reached skill level 8 in Invocations
 10458 | D:10     | Found a staircase to the Lair.
 10464 | D:10     | Learned a level 4 spell: Flame Wave
 10674 | D:10     | Reached XP level 11. HP: 84/84 MP: 17/21
 10684 | D:10     | Noticed Josephine
 10703 | D:10     | Killed Josephine
 10757 | D:10     | Reached skill level 5 in Conjurations
 10987 | D:10     | Noticed Grum
 11002 | D:10     | Killed Grum
 11466 | D:11     | Reached **** piety under Sif Muna
 11733 | D:11     | Reached skill level 9 in Invocations
 11797 | D:11     | Reached skill level 5 in Polearms
 11797 | D:11     | Reached skill level 5 in Armour
 11915 | D:11     | Found a staircase to the Orcish Mines.
 12066 | Orc:1    | Entered Level 1 of the Orcish Mines
 12580 | Orc:2    | Entered Level 2 of the Orcish Mines
 12580 | Orc:2    | Noticed an orc knight
 12752 | Orc:2    | Killed an orc knight
 13051 | Orc:2    | Noticed an orc sorcerer
 13052 | Orc:2    | Noticed an orc high priest
 13112 | Orc:1    | Killed an orc sorcerer
 13268 | Orc:2    | Noticed an orc high priest
 13325 | Orc:2    | Found a staircase to the Elven Halls.
 13336 | Orc:2    | Noticed a sun demon
 13340 | Orc:1    | Killed an orc high priest
 13340 | Orc:1    | Reached ***** piety under Sif Muna
 13432 | Orc:1    | Killed an orc high priest
 13641 | Orc:2    | Noticed an orc high priest
 13661 | Orc:2    | Reached XP level 12. HP: 94/94 MP: 21/24
 13705 | Orc:2    | Noticed an orc high priest
 13743 | Orc:2    | Killed an orc high priest
 13744 | Orc:2    | Reached skill level 10 in Invocations
 13793 | Orc:2    | Noticed an orc high priest
 13799 | Orc:2    | Killed an orc high priest
 13925 | Orc:2    | Killed an orc high priest
 13972 | Orc:2    | Received a gift from Sif Muna
 13973 | Orc:2    | Got Tejuf's Folio of Combustion {god gift}
 14166 | Orc:2    | Found Woffopp's Armour Shoppe.
 14166 | Orc:2    | Found Puegi's Antique Weapon Shoppe.
 14167 | Orc:2    | Found Ywnitt's Weapon Emporium.
 14185 | Orc:2    | Found Neffit's Weapon Emporium.
 14267 | Orc:2    | Paralysed by an orc sorcerer for 3 turns
 14727 | D:12     | Noticed a two-headed ogre
 14736 | D:12     | Killed a two-headed ogre
 14744 | D:12     | Found a frozen archway.
 14751 | IceCv    | Entered an ice cave
 14784 | IceCv    | Found a transporter.
 14792 | IceCv    | Found a transporter.
 15124 | D:12     | Noticed a boulder beetle
 15174 | D:12     | Killed a boulder beetle
 15496 | D:12     | Learned a level 5 spell: Fireball
 15559 | D:12     | Noticed an ettin
 15569 | D:12     | Reached skill level 11 in Invocations
 15578 | D:12     | Killed an ettin
 16047 | D:12     | Noticed a two-headed ogre
 16057 | D:12     | Gained mutation: When hurt, damage is shared between your
                  | health and your magic reserves. [demonic ancestry]
 16057 | D:12     | Reached XP level 13. HP: 78/101 MP: 22/26
 16083 | D:12     | Identified 3 scrolls of acquirement
 16083 | D:12     | Acquired 477 gold pieces
 16085 | D:12     | Acquired 1172 gold pieces
 16087 | D:12     | Acquired the amulet of Music {RegenMP +Inv Regen+ rCorr
                  | Int-3}
 16741 | Lair:1   | Entered Level 1 of the Lair of Beasts
 16961 | Lair:1   | Noticed Urug
 16978 | Lair:1   | Killed Urug
 17839 | Lair:2   | Acquired 745 gold pieces
 18026 | Lair:2   | Received a gift from Sif Muna
 18027 | Lair:2   | Got Sif Muna's Catalogue of Remoulded Hypothermia {god
                  | gift}
 18097 | Lair:2   | Found a gate leading to a gauntlet.
 18105 | Gauntlet | Entered a Gauntlet
 18105 | Gauntlet | Found a transporter.
 18114 | Gauntlet | Found a transporter.
 18117 | Gauntlet | Found a transporter.
 18118 | Gauntlet | Found a transporter.
 18129 | Gauntlet | Found a transporter.
 18130 | Gauntlet | Found a transporter.
 18134 | Gauntlet | Found a transporter.
 18138 | Gauntlet | Found a transporter.
 18141 | Gauntlet | Found a transporter.
 18142 | Gauntlet | Found a transporter.
 18151 | Gauntlet | Found a transporter.
 18153 | Gauntlet | Found a transporter.
 18154 | Gauntlet | Found a transporter.
 18162 | Gauntlet | Noticed a cacodemon
 18166 | Gauntlet | Found a transporter.
 18173 | Gauntlet | Found a runed translucent door.
 18290 | Gauntlet | Identified the +3 arbalest "Katory" {penet, rPois Will+}
 18316 | Gauntlet | Reached skill level 10 in Fighting
 18316 | Gauntlet | Reached skill level 12 in Invocations
 18400 | Gauntlet | Identified the ring "Tiohuifu" {Will+ Int+4}
 18455 | Gauntlet | Killed a cacodemon
 18496 | Gauntlet | Noticed a minotaur
 18512 | Gauntlet | Killed a minotaur
 19182 | Lair:3   | Found a staircase to the Swamp.
 19276 | Lair:3   | Found a hole to the Spider Nest.
 19484 | Lair:3   | Reached XP level 14. HP: 98/111 MP: 27/27
 19840 | Lair:3   | Reached skill level 10 in Spellcasting
 20034 | Lair:4   | You fall into a shaft and drop 1 floor!
 20034 | Lair:5   | Entered Level 5 of the Lair of Beasts
 20110 | Lair:5   | Noticed Sonja
 20122 | Lair:5   | Killed Sonja
 20148 | Lair:5   | Found a staircase to the Slime Pits.
 21152 | Lair:5   | Received a gift from Sif Muna
 21177 | Lair:5   | Got Zisoipac's Omnibus of Excruciating Transmutation {god
                  | gift}
 21337 | Lair:5   | Reached skill level 13 in Invocations
 21631 | Lair:5   | HP: 3/111 [molten gargoyle/+2 vampiric morningstar (5)]
 21733 | Lair:5   | Found a large runed translucent door.
 21734 | Lair:5   | Found a large runed translucent door.
 22481 | Spider:1 | Entered Level 1 of the Spider Nest
 22505 | Lair:3   | Killed a ghost moth
 23667 | D:12     | Noticed a stone giant
 23688 | D:12     | Killed a stone giant
 23694 | D:12     | HP: 5/113 [ettin/+0 dire flail (17)]
 23957 | D:12     | HP: 4/169 [ettin/+0 dire flail (11)]
 24052 | D:12     | Identified the +9 sling "Imax" {venom, Fly rPois}
 24079 | D:12     | Identified the amulet "Ebli" {Acrobat rElec rF+ Int+4}
 24267 | D:13     | Learned a level 6 spell: Starburst
 24285 | D:13     | You fall into a shaft and drop 1 floor!
 24384 | D:14     | Found a portal to a secret trove of treasure.
 24398 | D:14     | Upgraded the game from 0.29.0-11-gd7f09526c8 to
                  | 0.29.0-13-gc9e81de378
 24567 | D:14     | Reached XP level 15. HP: 117/119 MP: 27/29
 24915 | D:14     | Reached skill level 14 in Invocations
 25191 | D:14     | Found a gate to the Vaults.
 25310 | D:14     | Received a gift from Sif Muna
 25311 | D:14     | Got Sif Muna's Textbook on Geological Blasting {god gift}
 25428 | D:15     | Entered Level 15 of the Dungeon
 25741 | D:15     | Noticed Louise
 25745 | Abyss:3  | Cast into level 3 of the Abyss (Louise)
 25748 | Abyss:3  | Found a corrupted altar of Lugonu.
 25965 | Abyss:3  | Noticed a tentacled starspawn
 25990 | Abyss:3  | Noticed a tentacled starspawn
 26063 | Abyss:5  | Noticed a kraken
 26075 | Abyss:5  | Noticed a tentacled monstrosity
 26082 | Abyss:5  | Mangled by a shambling mangrove

Illustrated notes

Levels and vault maps discovered:
D:1:      tarquinn_simple_flora_water_a, layout_rooms, minmay_fountain_box
D:2:      layout_basic, serial_shops, shop_coins, minmay_hexomino_c4
D:3:      layout_basic, nicolae_dithmenos_through_a_glass_darkly,
          gammafunk_temple_overflow_elements, chequers_ecumenical_altar_simple,
          hangedman_glass_teeth
D:4:      layout_loops_ring, minmay_temple_entry_slanted
D:5:      layout_rooms, kennysheep_little_box, led_sif_pool
D:6:      minmay_diamond_boxcup, layout_loops_ring, uniq_duvessa, uniq_maggie
D:7:      layout_basic, nemelex_diamond_rough_becter, dk_noncrumbling_2
D:8:      layout_basic, serial_shops, shop, grunt_ministairs_15,
          hangedman_feature_mirror
D:9:      layout_stronghold, old_standard_altar
D:10:     layout_loops_cross, mainiacjoe_overflow_tiny_flanked,
          mainiacjoe_overflow_alcove_2, lair_entry_dummy, uniq_grum,
          uniq_gastronok, uniq_josephine
D:11:     layout_loops_ring, erik_orc_4
D:12:     giant_chief_lemuel, layout_basic, portal_ice_cave_entry_pillars_2
D:13:     layout_rooms, lemuel_zombie_altar_kikubaaqudgha
D:14:     layout_loops_ring, grunt_vaults_entry_fortified, enter_trove_2,
          nrook_mini_backslash
D:15:     grunt_enter_depths_hoard, layout_basic,
          nicolae_concentric_dashed_squares_wild, uniq_louise, uniq_roxanne
Temple:   hellmonk_temple_forest_ring
Lair:1:   layout_cellular_growth, grunt_megastairs_1, serial_bayou_shore_b,
          uniq_urug
Lair:2:   layout_roguey, gauntlet_entry_generic, grunt_megastairs_4,
          lemuel_fruit_fields, lemuel_fruit_fields, infiniplex_staircase_pool
Lair:3:   layout_loops_ring, swamp_mist, hellmonk_spider_entry_not_the_bees,
          chequers_serial_rivers_room_b, beast_lair_carwin_3, lemuel_fruit_tree
Lair:4:   layout_regular_city
Lair:5:   cheibrodos_lair_end_hotspot, layout_misc_corridors, slime_entry_1,
          uniq_sonja
Spider:1: layout_spider_delve, hangedman_spider_tarantella_strand
Orc:1:    layout_diamond_mine
Orc:2:    st_orc_mages, layout_caves, mines1_david
Abyss:5:  base: D:13, base: D:10,
          evilmike_nicolae_abyss_rune_betentacled_crabyss

Skill      XL: |  1  2  3  4  5  6  7  8  9 10 11 12 13 14 15 |
---------------+----------------------------------------------+-----
Fighting       | 1 2 3 4 5 6 7 8 9 10 11 | 11.7
Fire Magic     | 3 4 5 6 7 8 9 |  9.5
Conjurations   | 2 4 6 7 |  7.6
Spellcasting   | 3 4 5 6 7 8 9 10 11 | 11.1
Translocations | 1 2 3 4 |  4.9
Invocations    | 3 5 6 8 9 11 12 13 14 | 14.3
Polearms       | 2 4 5 6 8 9 |  9.5
Armour         | 2 4 5 6 8 9 |  9.6
Dodging        | 2 |  2.4
Stealth        | |  1.7

Action                   |  1- 3 |  4- 6 |  7- 9 | 10-12 | 13-15 || total
-------------------------+-------+-------+-------+-------+-------++-------
Melee: Unarmed           |    10 |       |       |       |       ||    10
       Dagger            |    28 |       |       |       |       ||    28
       Mace              |       |       |    32 |       |       ||    32
       Headbutt          |       |       |    22 |    99 |   329 ||   450
       Punch             |       |       |     1 |     6 |    23 ||    30
       Lance             |       |       |    42 |   415 |  1208 ||  1665
 Cast: Foxfire           |    33 |    20 |    18 |       |       ||    71
       Scorch            |    17 |    64 |   115 |   320 |   197 ||   713
       Teleport Other    |       |       |       |     4 |     2 ||     6
       Flame Wave        |       |       |       |     3 |     2 ||     5
       Fireball          |       |       |       |     6 |    24 ||    30
       Starburst         |       |       |       |       |     5 ||     5
Evoke: Wand              |       |       |       |     3 |     5 ||     8
  Use: Scroll            |     7 |     6 |     2 |     7 |    22 ||    44
       Potion            |       |       |     1 |     3 |    11 ||    15
 Stab: Paralysed         |       |       |    12 |   187 |   128 ||   327
       Sleeping          |       |       |       |     1 |     2 ||     3
       Distracted        |       |       |       |     1 |     1 ||     2
       Invisible         |       |       |       |       |     1 ||     1
Armor: Robe              |    12 |     4 |    24 |       |       ||    40
       Steam dragon scal |       |       |    11 |    92 |       ||   103
       Troll leather arm |       |       |       |    96 |   630 ||   726
       Skin              |       |       |       |       |     2 ||     2
Dodge: Dodged            |    24 |    11 |    56 |   281 |   664 ||  1036
